AoeStats
← Josmi-Ga'lock

Pilgrims

509501821Analyzed
3v3 RM · 7d ago on Sep 27, 2026· 58m 1s· 6 players
Game mode
Random Map
Map size
Normal (6 player)
Population
200
Speed
Normal
Resources
Standard
Victory
Conquest
Starting age
Dark Age
Ending age
Imperial Age
RankedLock teamsTeams togetherTeam positionsShared explorationLock speedFull tech treeHidden civsTurbo modeCheats
Victory
Defeat
🇵🇱 Huns · Poland
987
+14
🇨🇴 Spanish · Colombia
978
+14
🇺🇸 Georgians · United States
966
+15
🇧🇷 Portuguese · Brazil
979
-15
🇻🇪 Varangians · Venezuela
954
-15
🇦🇷 Vikings · Argentina
902
-13
George_Carse
3:56 Loom
6:10 Loom
10:54 Feudal Age
13:01 Fishing Lines
15:45 Double-Bit Axe
19:19 Castle Age
17:05 Horse Collar
17:34 Fletching
19:21 Gold Mining
19:22 Stone Mining
21:21 Fervor
21:32 Sanctity
21:08 Gillnets
23:35 Pikeman
25:45 Wheelbarrow
24:57 Town Watch
26:42 Medium Warships
28:16 Bow Saw
28:19 Squires
28:30 Forging
28:21 Scale Mail Armor
32:26 Imperial Age
33:07 Iron Casting
32:48 Chain Mail Armor
32:34 Padded Archer Armor
32:29 Bodkin Arrow
32:41 Scale Barding Armor
33:37 Conscription
37:01 Stone Shaft Mining
36:31 Heavy Plow
37:36 Chemistry
37:53 Ballistics
37:28 Murder Holes
37:44 Masonry
37:22 Arson
39:19 Hand Cart
39:06 Town Patrol
40:12 Bracer
40:28 Leather Archer Armor
42:03 Plate Mail Armor
43:00 Two-Man Saw
43:59 Chain Barding Armor
44:09 Ring Archer Armor
43:52 Bloodlines
44:07 Husbandry
45:30 Blast Furnace
45:19 Elite Conquistador
47:02 Plate Barding Armor
46:03 Elite Cannon Galleon
48:22 Architecture
48:04 Careening
48:04 Clinker Construction
48:15 Shipwright
48:01 Siphons
49:48 Hoardings
49:45 Halberdier
50:34 Sappers
Viking
9:47 Loom
12:24 Feudal Age
13:18 Double-Bit Axe
13:49 Fletching
18:58 Castle Age
19:55 Medium Warships
19:26 Fishing Lines
20:14 Bodkin Arrow
21:47 Clinker Construction
21:46 Husbandry
21:56 Bloodlines
22:44 Ballistics
22:38 Bloodlines
24:35 Scale Barding Armor
24:55 Gillnets
29:30 Chain Barding Armor
29:21 Forging
32:38 Padded Archer Armor
33:44 Leather Archer Armor
34:22 Wheelbarrow
38:13 Thumb Ring
41:17 Imperial Age
46:12 Chemistry
45:27 Bracer
46:28 Heavy Cavalry Archer
55:54 Murder Holes
57:19 Spies/Treason
yzainc
6:24 Loom
13:07 Feudal Age
14:14 Double-Bit Axe
14:35 Horse Collar
17:37 Castle Age
18:47 Scale Barding Armor
19:14 Heavy Plow
19:55 Forging
20:50 Wheelbarrow
23:29 Husbandry
26:40 Fletching
26:50 Padded Archer Armor
27:03 Bloodlines
28:36 Hand Cart
29:11 Ballistics
30:04 Bodkin Arrow
34:41 Imperial Age
32:56 Leather Archer Armor
34:52 Chain Barding Armor
34:25 Town Watch
34:49 Heavy Cavalry Archer
35:55 Parthian Tactics
35:33 Bracer
36:43 Chemistry
37:24 Town Patrol
37:41 Bow Saw
37:22 Gold Mining
39:48 Conscription
39:35 Aznauri Cavalry
41:32 Onager
41:40 Light Cavalry
43:27 Plate Barding Armor
44:48 Cavalier
49:40 Hussar
51:17 Iron Casting
53:53 Blast Furnace
Abyssus
5:16 Loom
9:40 Feudal Age
12:35 Forging
12:37 Fishing Lines
13:00 Town Watch
14:36 Double-Bit Axe
18:07 Horse Collar
22:35 Castle Age
21:07 Gold Mining
21:22 Stone Mining
23:07 Scale Mail Armor
22:59 Pikeman
25:03 Squires
26:44 Fletching
27:46 Heavy Plow
36:59 Wheelbarrow
52:11 Elite Skirmisher
55:15 Bodkin Arrow
55:21 Padded Archer Armor
56:20 Chain Mail Armor
56:13 Scale Barding Armor
Josmi-Ga'lock
6:46 Feudal Age
7:12 Loom
8:54 Town Watch
9:28 Double-Bit Axe
12:41 Fishing Lines
20:36 Castle Age
18:47 Stone Mining
19:12 Fletching
19:44 Gold Mining
20:09 Scale Mail Armor
21:11 Bodkin Arrow
22:35 Forging
22:59 Squires
26:07 Gold Shaft Mining
26:29 Iron Casting
28:42 Chieftains
30:30 Ballistics
29:53 Treadmill Crane
30:30 Chain Mail Armor
30:21 Gillnets
36:08 Imperial Age
34:09 Bow Saw
33:57 Murder Holes
36:29 Masonry
37:21 Conscription
39:26 Chemistry
40:22 Elite Berserk
41:51 Fervor
43:36 Plate Mail Armor
46:23 Two-Man Saw
46:37 Blast Furnace
45:57 Elite Varangian Guard
50:51 Padded Archer Armor
50:51 Bracer
50:34 Horse Collar
51:59 Elite Skirmisher
ChronoMiner
3:18 Loom
12:10 Feudal Age
14:25 Double-Bit Axe
20:54 Castle Age
21:06 Forging
21:50 Fletching
22:37 Iron Casting
26:29 Medium Warships
25:56 Pikeman
26:22 Arson
30:01 Bow Saw
33:22 Imperial Age
34:17 Halberdier
35:29 Bodkin Arrow
37:50 Conscription
38:03 Horse Collar
38:49 Heavy Plow
41:27 Elite Skirmisher
42:12 Thumb Ring
Connection lost

Rejoining the realm…

Still unreachable

The connection could not be restored.

Session expired

The server has moved on; the page needs a fresh start.